 Dungeon Crawl Stone Soup version 0.27-a0-1090-gb115f176c6 (webtiles) character file.

Game seed: 8883625194647802522

27822 robertstho the Eclecticist (level 13, -12/89 HPs)
             Began as a Djinni Fire Elementalist on Apr 27, 2021.
             Was an Elder of Ashenzari.
             Killed from afar by a manticore (19 damage)
             ... with a volley of spikes
             ... on level 13 of the Dungeon.
             The game lasted 00:37:38 (20057 turns).

robertstho the Eclecticist (DjFE)                  Turns: 20057, Time: 00:37:39

Health: -12/89     AC: 10    Str: 13    XL:     13   Next: 34%
Gold:   1298       EV: 17    Int: 27    God:    Ashenzari [****..] SH:  0 Dex: 15

rFire    + + +     SeeInvis +   J - +4 glaive of the Pangnostic Planets {flame, Int+6, Self, Melee} (curse)
rCold    . . .     Faith    .   (shield currently unavailable)
rNeg     . . .     Spirit   .   i - +2 robe "Eternal Together" {Archmagi, Self, Range} (curse)
rPois    ∞         Reflect  .   E - +1 hat "Sublime Restlessness" {Range, Melee} (curse)
rElec    .         Harm     .   t - scarf of Ashenzari's Optimism {rC+ rF+, Cun, Self} (curse)
rCorr    .         Rampage  .   B - +0 pair of gloves
Will     +....     Clarity  +   (boots unavailable)
Stlth    ++++......             (no amulet)
HPRegen  0.24/turn              K - +6 ring of strength
MPRegen  0.00/turn              h - ring of the Restrained God {AC+4, Range, Cun} (curse)

@: spiked, on berserk cooldown, flying, slowed, very slow
A: fire resistance 2, cold vulnerability 1, float, innate caster, hp casting,
extra vitality 1
a: Renounce Religion, Shatter the Chains


You were on level 13 of the Dungeon.
You worshipped Ashenzari.
Ashenzari was greatly pleased with you.
You visited 2 branches of the dungeon, and saw 14 of its levels.
You also visited: Bailey.

You collected 1298 gold pieces.

Inventory:

Hand Weapons
 a - a +1 scimitar of flaming
 J - the cursed +4 glaive of the Pangnostic Planets (weapon) {flame, Int+6, Self, Melee}
   (You took it off a gnoll in a bailey)

   It has been specially enchanted to burn those struck by it, causing extra
   injury to most foes and up to half again as much damage against particularly
   susceptible opponents.
   Big, fiery blades are also staple armaments of hydra-hunters.
   It affects your intelligence (+6).
   It has a curse which improves the following skills: Introspection: Fighting
   and Spellcasting.
   Melee Combat: Short Blades, Long Blades, Axes, Maces & Flails, Polearms,
   Staves and Unarmed Combat.
Missiles
 e - 11 throwing nets
 o - 6 atropa-tipped darts
 D - 4 curare-tipped darts
Armour
 i - the cursed +2 robe "Eternal Together" (worn) {Archmagi, Self, Range}
   (You took it off Josephine on level 10 of the Dungeon)

   It has a curse which improves the following skills: Introspection: Fighting
   and Spellcasting.
   Ranged Combat: Slings, Bows, Crossbows and Throwing.
 t - the cursed scarf of Ashenzari's Optimism (worn) {rC+ rF+, Cun, Self}
   (You found it on level 7 of the Dungeon)

   It has a curse which improves the following skills: Cunning: Dodging and
   Stealth.
   Introspection: Fighting and Spellcasting.
 B - a +0 pair of gloves (worn)
 E - the cursed +1 hat "Sublime Restlessness" (worn) {Range, Melee}
   (You found it on level 2 of the Dungeon)

   It has a curse which improves the following skills: Ranged Combat: Slings,
   Bows, Crossbows and Throwing.
   Melee Combat: Short Blades, Long Blades, Axes, Maces & Flails, Polearms,
   Staves and Unarmed Combat.
 H - a +0 robe of cold resistance
Jewellery
 f - a ring of resist corrosion
 h - the cursed ring of the Restrained God (right hand) {AC+4, Range, Cun}
   (You found it on level 4 of the Dungeon)

   [ring of protection]

   It affects your AC (+4).
   It has a curse which improves the following skills: Ranged Combat: Slings,
   Bows, Crossbows and Throwing.
   Cunning:   Dodging and Stealth.
 x - a ring of positive energy
 z - a ring of ice
 K - a +6 ring of strength (left hand)
Wands
 y - a wand of acid (16)
 F - a wand of digging (9)
Scrolls
 c - 2 scrolls of fog
 j - 4 scrolls of enchant armour
 k - 2 scrolls of silence
 l - 6 scrolls of vulnerability
 m - 4 scrolls of magic mapping
 p - a scroll of brand weapon
 r - 2 scrolls of immolation
 s - 3 scrolls of summoning
 u - a scroll of enchant weapon
 I - a scroll of fear
Potions
 g - 7 potions of curing
 n - 3 potions of attraction
 q - 2 potions of haste
 v - a potion of mutation
 w - 3 potions of cancellation
 A - a potion of ambrosia
 C - 2 potions of brilliance
 G - a potion of invisibility
Miscellaneous
 b - a phantom mirror
 L - a condenser vane


   Skills:
 + Level 3.0(6.9) Fighting
 + Level 0.1(0.6) Polearms
 + Level 7.5(11.0) Dodging
 + Level 5.2(8.7) Stealth
 + Level 16.1(20.0) Spellcasting
 + Level 3.7 Evocations


You had 16 spell levels left.
You knew the following spells:

 Your Spells              Type           Power      Damage    Failure   Level
a - Foxfire               Conj/Fire      100%       2x1d9     0%          1
b - Conjure Flame         Conj/Fire      100%       6-21      0%          3
c - Inner Flame           Hex/Fire       100%       N/A       0%          3
d - Sticky Flame          Conj/Fire      100%       2d11      0%          4
e - Fireball              Conj/Fire      58%        3d22      0%          5
f - Corona                Hex            100%       N/A       0%          1
g - Call Imp              Summ           100%       N/A       0%          2
h - Mephitic Cloud        Conj/Pois/Air  100%       N/A       0%          3
i - Petrify               Tmut/Erth      100%       N/A       0%          4
j - Hydra Form            Tmut           58%        N/A       0%          5
k - Summon Mana Viper     Hex/Summ       100%       N/A       0%          5
Your spell library was empty.

Dungeon Overview and Level Annotations

Branches:
Dungeon (13/15)            Temple (1/1) D:7            Lair (0/6) D:9
    Orc (0/2) D:12         Bailey (visited)
 Vaults: D:13-14

Altars:
Ashenzari
Cheibriados
Dithmenos
Elyvilon
Fedhas
Gozag
Hepliaklqana
Kikubaaqudgha
Makhleb
Nemelex Xobeh
Okawaru
Qazlal
Ru
Sif Muna
Trog
Uskayaw
Vehumet
Wu Jian
Xom
Yredelemnul
Zin
The Shining One
Beogh


Innate Abilities, Weirdness & Mutations

You are immune to poison.
Your flesh is very heat resistant. (rF++)
You are vulnerable to cold. (rC-)
You float through the air rather than walking.
You learn spells naturally, not from books.
Your magical power is your life essence.
You have superior vitality. (+4 HP)


Message History

(D) Dungeon (T) Temple (L) Lair (O) Orcish Mines
Where to? (Enter - D:13, ? - help)
You sense a monster nearby.
Casting: Fireball (safe; 0% risk of failure)
Confirm with . or Enter, or press ? or * to list all spells.
You feel a surge of power!
The fire begins to smolder!
The manticore smothers the flame.
Casting: Conjure Flame (safe; 0% risk of failure)
Confirm with . or Enter, or press ? or * to list all spells.
Aiming: Sticky Flame (safe; 0% risk of failure)
Press: ? - help, Shift-Dir - straight line, f - manticore
Aim: a manticore (100% to hit)
You feel a surge of power!
The sticky flame hits the manticore!
The manticore is moderately wounded.
The manticore is covered in liquid flames!
The manticore burns!
The manticore bites you!!
* * * LOW HITPOINT WARNING * * *
The manticore closely misses you. The manticore barely misses you.
The manticore misses you. The manticore claws you!
* * * LOW HITPOINT WARNING * * *
The manticore completely misses you.
You feel much better.
The manticore burns! x2; The manticore bites you.
The manticore claws you!
* * * LOW HITPOINT WARNING * * *
The manticore claws you but does no damage.
Unknown command.
The manticore burns!
The manticore flicks its tail.
The volley of spikes hits you!
The barbed spikes become lodged in your body.
* * * LOW HITPOINT WARNING * * *
The manticore flicks its tail.
The volley of spikes hits you!
The barbed spikes become lodged in your body.
* * * LOW HITPOINT WARNING * * *
You feel better.
The manticore burns! x2
The manticore flicks its tail.
The volley of spikes hits you!!
The barbed spikes become lodged in your body.
You die...

#.#..........# * ,
##.#.#######.#*,* *
####..#### * *
######H## * *, #.#
##.....## , #.#
##.###### ,,, , #.#
##H##### * #.#
##.##### *** #.#
##@########## *,,
##.## ##........<.. ,,
,
##>########..#########
* ,
##<########..######* *
* ,*
##<................. ,
,,
#################### *
* #############


You could see a manticore (burning).

Vanquished Creatures
  A fire dragon (D:11)
  Josephine (D:10)
  Harold (D:7)
  A boulder beetle (D:12)
  A rakshasa (D:12)
  A centaur warrior (D:13)
  A hydra (D:11)
  A death knight (D:13)
  5 two-headed ogres
  2 skeletal warriors (D:13)
  An orc knight (D:12)
  3 ugly things
  2 deep elf pyromancers
  2 manticores (D:11)
  Joseph (D:11)
  A cyclops (D:12)
  A gargoyle (D:9)
  4 centaur zombies
  An efreet (D:11)
  2 centaur skeletons (D:7)
  An unseen horror (D:8)
  2 komodo dragons
  2 hellwings (D:7)
  Prince Ribbit (D:6)
  Grinder (D:5)
  A meliai zombie (D:7)
  10 slime creatures
  4 wraiths
  A wyvern (D:10)
  9 yaks
  2 basilisks
  A vampire mosquito (D:10)
  Menkaure (D:4)
  2 acid dragons (D:12)
  3 water moccasins
  5 black bears
  4 orc warriors
  An ice beast (D:5)
  A sky beast (D:6)
  A necrophage (D:5)
  2 ogres
  4 centaurs
  2 phantoms
  4 kobold brigands
  4 bullfrogs
  11 gnoll sergeants
  3 scorpions
  A water moccasin zombie (D:5)
  14 wights
  5 killer bees (D:10)
  Crazy Yiuf (D:5)
  A bullfrog zombie (D:7)
  7 hounds
  4 orc priests
  Natasha (D:2)
  6 gnoll shamans (Bailey)
  3 iguanas
  6 orc wizards
  3 howler monkey zombies
  Robin (D:2)
  25 gnolls
  2 howler monkey skeletons
  3 adders
  6 shadow imps
  2 adder skeletons
  A worm (D:3)
  34 orcs
  4 bats
  5 endoplasms
  A giant cockroach (D:1)
  12 goblins
  12 hobgoblins
  6 jackals
  25 kobolds
  6 quokkas
  6 ball pythons
  2 frilled lizards
  4 rats
325 creatures vanquished.

Vanquished Creatures (others)
  2 boulder beetles (D:12)
  A two-headed ogre (D:12)
  An unseen horror (D:12)
  A howler monkey (D:12)
  619 foxfires
  61 fungi
  44 plants (D:9)
  8 withered plants (D:7)
737 creatures vanquished.

Grand Total: 1062 creatures vanquished

Notes
Turn   | Place    | Note
-------+----------+-------------------------------------------
     0 | D:1      | robertstho the Djinni Fire Elementalist began the quest for
                  | the Orb.
     0 | D:1      | Reached XP level 1. HP: 15/15 MP: 0/0
   397 | D:1      | Reached skill level 3 in Spellcasting
   419 | D:1      | Reached XP level 2. HP: 19/21 MP: 0/0
   788 | D:1      | Found a faded altar of an unknown god.
  1208 | D:1      | Reached XP level 3. HP: 22/25 MP: 0/0
  1208 | D:1      | Learned a level 1 spell: Corona
  1936 | D:2      | Noticed Robin
  1954 | D:2      | HP: 1/25 [Robin/+0 dagger (2)]
  1958 | D:2      | Killed Robin
  1959 | D:2      | Reached XP level 4. HP: 16/31 MP: 0/0
  2846 | D:2      | Noticed Natasha
  2855 | D:2      | Killed Natasha
  2856 | D:2      | Reached skill level 4 in Spellcasting
  3986 | D:4      | Reached XP level 5. HP: 32/35 MP: 0/0
  3986 | D:4      | Learned a level 2 spell: Call Imp
  4734 | D:4      | Reached skill level 5 in Spellcasting
  4737 | D:4      | Noticed Menkaure
  4741 | D:4      | Killed Menkaure
  4742 | D:4      | Reached XP level 6. HP: 30/40 MP: 0/0
  5031 | D:5      | Entered Level 5 of the Dungeon
  5058 | D:5      | Reached skill level 6 in Spellcasting
  5058 | D:5      | Reached XP level 7. HP: 40/45 MP: 0/0
  5058 | D:5      | Learned a level 3 spell: Mephitic Cloud
  5542 | D:5      | Noticed Grinder
  5547 | D:5      | Killed Grinder
  5548 | D:5      | Reached skill level 7 in Spellcasting
  5548 | D:5      | Reached XP level 8. HP: 45/50 MP: 0/0
  5683 | D:5      | Found a sparkling altar of Nemelex Xobeh.
  5910 | D:5      | Found a runed translucent door.
  5911 | D:5      | Noticed Crazy Yiuf
  5919 | D:5      | Killed Crazy Yiuf
  6218 | D:6      | Reached skill level 8 in Spellcasting
  6339 | D:6      | Noticed Prince Ribbit
  6351 | D:6      | Killed Prince Ribbit
  6646 | D:6      | Reached XP level 9. HP: 37/56 MP: 0/0
  6646 | D:6      | Learned a level 4 spell: Petrify
  6866 | D:6      | Reached skill level 9 in Spellcasting
  7517 | D:7      | Noticed a komodo dragon
  7527 | D:7      | Killed a komodo dragon
  7622 | D:7      | Reached skill level 10 in Spellcasting
  7876 | D:7      | Found a staircase to the Ecumenical Temple.
  7886 | Temple   | Entered the Ecumenical Temple
  8096 | Temple   | Became a worshipper of Ashenzari the Shackled
  8213 | D:7      | Reached skill level 1 in Fighting
  8370 | D:7      | Noticed a hellwing
  8371 | D:7      | Noticed a hellwing
  8373 | D:7      | Noticed Harold
  8391 | D:7      | Killed a hellwing
  8398 | D:7      | Killed a hellwing
  8399 | D:7      | Reached XP level 10. HP: 19/62 MP: 0/0
  8617 | D:7      | Found a stormy altar of Qazlal.
  8617 | D:7      | Found an ornate altar of the Wu Jian Council.
  8648 | D:7      | Reached skill level 11 in Spellcasting
  8819 | D:7      | Killed Harold
 10422 | D:9      | Noticed a gargoyle
 10424 | D:9      | Killed a gargoyle
 10425 | D:9      | Reached skill level 12 in Spellcasting
 10539 | D:9      | Identified the Disquisition on the Oath
 11427 | D:8      | Reached skill level 5 in Dodging
 11549 | D:8      | Noticed an unseen horror
 11551 | D:8      | Killed an unseen horror
 11552 | D:8      | Reached XP level 11. HP: 36/68 MP: 0/0
 11552 | D:8      | Learned a level 5 spell: Hydra Form
 11876 | D:9      | Reached skill level 5 in Stealth
 12329 | D:9      | Noticed a two-headed ogre
 12333 | D:9      | Killed a two-headed ogre
 12460 | D:9      | Reached skill level 13 in Spellcasting
 12757 | D:9      | Found a staircase to the Lair.
 13191 | D:10     | Entered Level 10 of the Dungeon
 13206 | D:10     | Noticed Josephine
 13219 | D:10     | Killed Josephine
 13594 | D:10     | Noticed a two-headed ogre
 13599 | D:10     | Killed a two-headed ogre
 13987 | D:10     | Noticed a two-headed ogre
 14006 | D:10     | Killed a two-headed ogre
 14123 | D:10     | Reached * piety under Ashenzari
 15311 | D:11     | Reached skill level 14 in Spellcasting
 15320 | D:11     | Noticed a two-headed ogre
 15323 | D:11     | Killed a two-headed ogre
 15324 | D:11     | Reached XP level 12. HP: 41/78 MP: 0/0
 15769 | D:11     | Reached ** piety under Ashenzari
 15810 | D:11     | Noticed Joseph
 15823 | D:11     | Killed Joseph
 15884 | D:11     | Noticed an eight-headed hydra
 15889 | D:11     | Killed an eight-headed hydra
 16156 | D:11     | Noticed a fire dragon
 16166 | D:11     | Identified the +2 trident "Gomas" {speed, rC- Int+8 Dex-5}
 16453 | D:11     | Noticed a two-headed ogre
 16456 | D:11     | Killed a two-headed ogre
 16457 | D:11     | Reached skill level 1 in Evocations
 16743 | D:11     | Killed a fire dragon
 17143 | D:12     | Reached skill level 15 in Spellcasting
 17158 | D:11     | Reached *** piety under Ashenzari
 17226 | D:12     | Killed a boulder beetle
 17233 | D:12     | Killed a boulder beetle
 17273 | D:12     | Killed a two-headed ogre
 17356 | D:12     | Found a flagged portal.
 17390 | Bailey   | Entered a bailey
 18063 | Bailey   | Identified the +4 glaive of Insufficient Pleasure {flame,
                  | Int+6}
 18745 | D:12     | Reached **** piety under Ashenzari
 18765 | D:12     | Found a shimmering altar of Xom.
 19202 | D:12     | Reached XP level 13. HP: 70/89 MP: 0/0
 19202 | D:12     | Learned a level 5 spell: Summon Mana Viper
 19208 | D:12     | Noticed a rakshasa
 19211 | D:12     | Killed a rakshasa
 19765 | D:12     | Found a staircase to the Orcish Mines.
 20031 | D:13     | Reached skill level 16 in Spellcasting
 20056 | D:13     | HP: 2/89 [manticore/volley of spikes (9)]
 20057 | D:13     | Killed from afar by a manticore

Illustrated notes

Levels and vault maps discovered:
D:1:      matt_arrival_refuge, layout_loops_ring, ebering_ecumenical_altar_box
D:2:      layout_basic, kennysheep_generic_room_14, uniq_natasha, uniq_robin
D:3:      layout_loops_ring
D:4:      layout_loops_ring, uniq_menkaure
D:5:      layout_cave_pools, kennysheep_mini_moat, uniq_grinder,
          uniq_crazy_yiuf_cottage
D:6:      layout_loops_cross, general_overflow_altar, uniq_prince_ribbit1
D:7:      cheibrodos_grave_circle, layout_basic,
          gammafunk_temple_overflow_elements, minmay_temple_entry_grid,
          uniq_harold
D:8:      layout_rooms, corexii_checkpoint_b
D:9:      layout_rooms, due_lair_maze_entry_diamond, bh_walls_and_bars
D:10:     layout_stronghold, minmay_quadrilaterals, uniq_josephine
D:11:     minmay_cut_squares, layout_rooms, serial_corexii_hall,
          corexii_hall_statues_u, chequers_hall_statues_wall_a,
          corexii_hall_statues_x, minmay_sticks_and_stones
D:12:     layout_roguey, minmay_orc_entry_temple_small, special_room
          [special_room_orc], enter_bailey_8, xom_confusion_cloud
D:13:     layout_loops_ring, david_vaults_5, grunt_decor_junction, zin_statuary
Temple:   dpeg_five_rooms_temple

Skill      XL: |  1  2  3  4  5  6  7  8  9 10 11 12 13 |
---------------+----------------------------------------+-----
Spellcasting   | 3 4 5 6 7 8 10 12 14 15 16 | 16.1
Stealth        | 2 3 4 5 |  5.2
Fighting       | 1 2 3 |  3.0
Dodging        | 3 5 6 7 |  7.5
Evocations     | 3 |  3.7
Polearms       | |  0.1

Action                   |  1- 3 |  4- 6 |  7- 9 | 10-12 | 13-15 || total
-------------------------+-------+-------+-------+-------+-------++-------
Melee: Hand axe          |       |       |     4 |     3 |       ||     7
       Glaive            |       |       |       |       |     4 ||     4
 Cast: Foxfire           |    80 |   105 |   193 |    11 |       ||   389
       Sticky Flame      |       |     1 |    11 |    28 |     2 ||    42
       Fireball          |       |       |     1 |   224 |    26 ||   251
       Petrify           |       |       |       |     6 |       ||     6
       Conjure Flame     |       |       |       |       |     1 ||     1
Invok: Curse Item        |       |       |       |     5 |       ||     5
Evoke: Wand              |       |       |       |    21 |       ||    21
  Use: Potion            |     1 |       |       |     2 |     3 ||     6
       Scroll            |       |     6 |     4 |     1 |     1 ||    12
Armor: Robe              |     5 |     4 |    22 |    56 |     5 ||    92
Dodge: Dodged            |     9 |     4 |    31 |    58 |    10 ||   112

Table legend: (Time is in decaauts)
 A = Elapsed time spent in this place.
 B = Non-inter-level travel time spent in this place.
 C = Inter-level travel time spent in this place.
 D = Time resting spent in this place.
 E = Time spent auto-exploring this place.
 F = Levels seen in this place.
 G = Mean time per level.
                   A        B        C        D        E       F      G
               +--------+--------+--------+--------+--------+-----+--------+
         Total |  20092 |  19285 |    807 |   3200 |  14242 |  15 | 1339.5 |
       Dungeon |  18854 |  18128 |    726 |   2856 |  13583 |  13 | 1450.3 |
        Temple |    262 |    182 |     80 |      0 |    181 |   1 |  262.0 |
        Bailey |    975 |    975 |      0 |    344 |    478 |   1 |  975.0 |
               +--------+--------+--------+--------+--------+-----+--------+

Top non-repeatable levels by time:
    D:10: 2289 daAuts
     D:8: 1883 daAuts
     D:7: 1854 daAuts
    D:12: 1836 daAuts
     D:6: 1697 daAuts
     D:1: 1682 daAuts
    D:11: 1461 daAuts
     D:9: 1449 daAuts
     D:2: 1321 daAuts
     D:4: 1156 daAuts
     D:5: 1115 daAuts
     D:3: 1035 daAuts
  Bailey: 975 daAuts
  Temple: 262 daAuts
    D:13: 70 daAuts
